3L
ECHO PARK LAKERS @ PITTSBURGH KINGFISHERS
08/16/2041
 
TOP OF THE 1ST
Echo Park Lakers batting - Pitching for Pittsburgh Kingfishers : RHP Jason Starkey
Pitching: RHP Jason Starkey
Batting: LHB Ramón Torres 0-0: Called Strike
0-1: Foul Ball, location: 2F
0-2: Strikes out swinging, 2-3 out at first.
Batting: LHB Joe Schreibvogel 0-0: Ball
1-0: Ball
2-0: Ground out U3 (Groundball, 3, EV 102.5 MPH)
Batting: LHB Philip Todd 0-0: Foul Ball, location: 2F
0-1: Called Strike
0-2: Ball
1-2: Ball
2-2: Fly out, F8 (Flyball, 8LM, EV 92.5 MPH)
Top of the 1st over - 0 runs, 0 hits, 0 errors, 0 left on base; Echo Park 0 - Pittsburgh 0
BOTTOM OF THE 1ST
Pittsburgh Kingfishers batting - Pitching for Echo Park Lakers : RHP Jordan Calhoun
Pitching: RHP Jordan Calhoun
Batting: RHB Adam Smith 0-0: Foul Ball, location: 2F
0-1: Ball
1-1: Swinging Strike
1-2: Foul Ball, location: 2F
1-2: Ball
2-2: Fly out, F7 (Flyball, 7D, EV 100.0 MPH)
Batting: RHB Krystof Melichar 0-0: Called Strike
0-1: Ball
1-1: Called Strike
1-2: Ball
2-2: Ground out 5-3 (Groundball, 56S, EV 69.4 MPH)
Batting: RHB Phil McCroskey 0-0: Ball
1-0: Fly out, F9 (Flyball, 9D, EV 107.5 MPH)
Bottom of the 1st over - 0 runs, 0 hits, 0 errors, 0 left on base; Echo Park 0 - Pittsburgh 0
TOP OF THE 2ND
Echo Park Lakers batting - Pitching for Pittsburgh Kingfishers : RHP Jason Starkey
Batting: RHB Komotay Koffie 0-0: Called Strike
0-1: Ball
1-1: Foul Ball, location: 2F
1-2: Foul Ball, location: 2F
1-2: Foul Ball, location: 2F
1-2: Ball
2-2: Foul Ball, location: 2F
2-2: Ball
3-2: Foul Ball, location: 2F
3-2: Foul Ball, location: 2F
3-2: Strikes out swinging
Batting: LHB José Vera 0-0: Ball
1-0: Ball
2-0: Ground out 4-3 (Groundball, 4, EV 83.1 MPH)
Batting: RHB Phil Gillespie 0-0: Called Strike
0-1: Called Strike
0-2: Ball
1-2: Foul Ball, location: 2F
1-2: Ball
2-2: Ground out 6-3 (Groundball, 6, EV 96.9 MPH)
Top of the 2nd over - 0 runs, 0 hits, 0 errors, 0 left on base; Echo Park 0 - Pittsburgh 0
BOTTOM OF THE 2ND
Pittsburgh Kingfishers batting - Pitching for Echo Park Lakers : RHP Jordan Calhoun
Batting: RHB Kjartan Einarsson 0-0: Ground out 4-3 (Groundball, 4, EV 100.6 MPH)
Batting: LHB Royce Foster 0-0: Ball
1-0: Foul Ball, location: 2F
1-1: Ball
2-1: Ball
3-1: Called Strike
3-2: Foul Ball, location: 2F
3-2: Base on Balls
Batting: RHB Loring Rommel 0-0: Ball
1-0: Foul Ball, location: 2F
1-1: Ball
2-1: Foul Ball, location: 2F
2-2: Fielders Choice at 2nd, 6-4 (Groundball, 56, EV 103.1 MPH)
Batting: LHB Bill Dixon 0-0: Called Strike
0-1: Ball
1-1: Foul Ball, location: 2F
1-2: Fly out, F9 (Line Drive, 9D, EV 88.8 MPH)
Bottom of the 2nd over - 0 runs, 0 hits, 0 errors, 1 left on base; Echo Park 0 - Pittsburgh 0
TOP OF THE 3RD
Echo Park Lakers batting - Pitching for Pittsburgh Kingfishers : RHP Jason Starkey
Batting: LHB Ben Bullock 0-0: Fly out, F6 (Popup, 6, EV 63.1 MPH)
Batting: RHB Ger Jobse 0-0: Called Strike
0-1: Ball
1-1: Fly out, F7 (Flyball, 7S, EV 85.6 MPH)
Batting: LHB Abraham Koen 0-0: Ball
1-0: Foul Ball, location: 2F
1-1: Ball
2-1: Ball
3-1: Ground out 6-3 (Groundball, 6, EV 96.9 MPH)
Top of the 3rd over - 0 runs, 0 hits, 0 errors, 0 left on base; Echo Park 0 - Pittsburgh 0
BOTTOM OF THE 3RD
Pittsburgh Kingfishers batting - Pitching for Echo Park Lakers : RHP Jordan Calhoun
Batting: LHB Max Sinclair 0-0: Foul Ball, location: 2F
0-1: Ball
1-1: Swinging Strike
1-2: Foul Ball, location: 2F
1-2: Ball
2-2: Foul Ball, location: 2F
2-2: Ball
3-2: Base on Balls
Batting: RHB Junior Young 0-0: Ball
1-0: Called Strike
1-1: Ball
2-1: Foul Ball, location: 2F
2-2: TRIPLE (Flyball, 89XD, EV 97.5 MPH)
Max Sinclair scores
Batting: RHB Adam Smith 0-0: Foul Ball, location: 2F
0-1: Ball
Wild Pitch!
Junior Young scores
1-1: Fly out, F8 (Flyball, 8RD, EV 72.5 MPH)
Batting: RHB Krystof Melichar 0-0: Fly out, F1 (Line Drive, P, EV 68.1 MPH)
Batting: RHB Phil McCroskey 0-0: Fly out, F8 (Flyball, 89M, EV 89.4 MPH)
Bottom of the 3rd over - 2 runs, 1 hit, 0 errors, 0 left on base; Echo Park 0 - Pittsburgh 2
TOP OF THE 4TH
Echo Park Lakers batting - Pitching for Pittsburgh Kingfishers : RHP Jason Starkey
Batting: LHB Ramón Torres 0-0: Fly out, F6 (Flyball, 56D, EV 88.8 MPH)
Batting: LHB Joe Schreibvogel 0-0: SOLO HOME RUN (Flyball, 9LD, EV 106.9 MPH), Distance : 346 ft
Batting: LHB Philip Todd 0-0: Called Strike
0-1: Called Strike
0-2: Ball
1-2: Ball
2-2: Ball
3-2: Base on Balls
Batting: RHB Komotay Koffie 0-0: SINGLE (Flyball, 7S, EV 92.5 MPH)
Philip Todd to second
Batting: LHB José Vera 0-0: Called Strike
0-1: Ball
1-1: Fly out, F8 (Line Drive, 8LM, EV 88.1 MPH)
Batting: RHB Phil Gillespie 0-0: Called Strike
0-1: Swinging Strike
0-2: Strikes out swinging
Top of the 4th over - 1 run, 2 hits, 0 errors, 2 left on base; Echo Park 1 - Pittsburgh 2
BOTTOM OF THE 4TH
Pittsburgh Kingfishers batting - Pitching for Echo Park Lakers : RHP Jordan Calhoun
Batting: RHB Kjartan Einarsson 0-0: Called Strike
0-1: Ball
1-1: Swinging Strike
1-2: Fly out, F8 (Line Drive, 8LD, EV 85.6 MPH)
Batting: LHB Royce Foster 0-0: Ball
1-0: Foul Ball, location: 2F
1-1: DOUBLE (Line Drive, 78XD, EV 107.5 MPH)
Batting: RHB Loring Rommel 0-0: Foul Ball, location: 2F
0-1: Ground out 4-3 (Groundball, 4, EV 86.9 MPH)
Royce Foster to third
Batting: LHB Bill Dixon 0-0: Hit by Pitch
Batting: LHB Max Sinclair 0-0: Ball
1-0: Swinging Strike
1-1: Ball
2-1: SINGLE (Line Drive, 7S, EV 107.5 MPH)
Royce Foster scores
Bill Dixon to second
Batting: RHB Junior Young 0-0: Called Strike
0-1: Ground out 4-3 (Groundball, 4MD, EV 98.8 MPH)
Bottom of the 4th over - 1 run, 2 hits, 0 errors, 2 left on base; Echo Park 1 - Pittsburgh 3
TOP OF THE 5TH
Echo Park Lakers batting - Pitching for Pittsburgh Kingfishers : RHP Jason Starkey
Batting: LHB Ben Bullock 0-0: Ball
1-0: Called Strike
1-1: Ball
2-1: Fly out, F8 (Flyball, 8LS, EV 91.9 MPH)
Batting: RHB Ger Jobse 0-0: Fly out, F8 (Line Drive, 8LD, EV 91.2 MPH)
Batting: LHB Abraham Koen 0-0: Ball
1-0: Ball
2-0: Called Strike
2-1: Ball
3-1: Swinging Strike
3-2: Fly out, F8 (Line Drive, 8RM, EV 104.4 MPH)
Top of the 5th over - 0 runs, 0 hits, 0 errors, 0 left on base; Echo Park 1 - Pittsburgh 3
BOTTOM OF THE 5TH
Pittsburgh Kingfishers batting - Pitching for Echo Park Lakers : RHP Jordan Calhoun
Batting: RHB Adam Smith 0-0: Ball
1-0: Called Strike
1-1: Ball
2-1: Ball
3-1: Foul Ball, location: 2F
3-2: Ground out 2-3 (Groundball, 2R, EV 65.6 MPH)
Batting: RHB Krystof Melichar 0-0: Called Strike
0-1: Ground out 2-3 (Groundball, 13S, EV 66.2 MPH)
Batting: RHB Phil McCroskey 0-0: Fly out, F8 (Line Drive, 8LM, EV 95.6 MPH)
Bottom of the 5th over - 0 runs, 0 hits, 0 errors, 0 left on base; Echo Park 1 - Pittsburgh 3
TOP OF THE 6TH
Echo Park Lakers batting - Pitching for Pittsburgh Kingfishers : RHP Jason Starkey
Batting: LHB Ramón Torres 0-0: Ball
1-0: Ground out 1-3 (Groundball, 34S, EV 87.5 MPH)
Batting: LHB Joe Schreibvogel 0-0: Called Strike
0-1: Ground out 5-3 (Groundball, 56, EV 103.8 MPH)
Batting: LHB Philip Todd 0-0: Foul Ball, location: 2F
0-1: DOUBLE (Flyball, 8LXD, EV 91.2 MPH)
Batting: RHB Komotay Koffie 0-0: Ball
1-0: Ball
2-0: Ball
3-0: Base on Balls
Batting: LHB José Vera 0-0: Called Strike
0-1: Fly out, F6 (Popup, 56D, EV 55.6 MPH)
Top of the 6th over - 0 runs, 1 hit, 0 errors, 2 left on base; Echo Park 1 - Pittsburgh 3
BOTTOM OF THE 6TH
Pittsburgh Kingfishers batting - Pitching for Echo Park Lakers : RHP Jordan Calhoun
Batting: RHB Kjartan Einarsson 0-0: Ball
1-0: Ball
2-0: Called Strike
2-1: Ball
3-1: Foul Ball, location: 2F
3-2: Ground out U3 (Groundball, 34, EV 86.9 MPH)
Pitching: RHP Craig Wash
Batting: LHB Royce Foster 0-0: Ball
1-0: Ball
2-0: Called Strike
2-1: Ground out U3 (Groundball, 34, EV 78.1 MPH)
Batting: RHB Loring Rommel 0-0: Swinging Strike
0-1: Foul Ball, location: 2F
0-2: Ball
1-2: Foul Ball, location: 2F
1-2: Fly out, F9 (Flyball, 9S, EV 94.4 MPH)
Bottom of the 6th over - 0 runs, 0 hits, 0 errors, 0 left on base; Echo Park 1 - Pittsburgh 3
TOP OF THE 7TH
Echo Park Lakers batting - Pitching for Pittsburgh Kingfishers : RHP Jason Starkey
Batting: RHB Phil Gillespie 0-0: Called Strike
0-1: Foul Ball, location: 2F
0-2: Fly out, F7 (Line Drive, 7, EV 95.0 MPH)
Batting: LHB Ben Bullock 0-0: Ball
1-0: Foul Ball, location: 2F
1-1: Ball
2-1: Foul Ball, location: 2F
2-2: Ground out 6-3 (Groundball, 6, EV 102.5 MPH)
Batting: RHB Ger Jobse 0-0: Swinging Strike
0-1: Ground out 6-3 (Groundball, 6, EV 84.4 MPH)
Top of the 7th over - 0 runs, 0 hits, 0 errors, 0 left on base; Echo Park 1 - Pittsburgh 3
BOTTOM OF THE 7TH
Pittsburgh Kingfishers batting - Pitching for Echo Park Lakers : RHP Craig Wash
Batting: LHB Bill Dixon 0-0: Ground out 6-3 (Groundball, 56, EV 97.5 MPH)
Batting: LHB Max Sinclair 0-0: DOUBLE (Flyball, 8RXD, EV 97.5 MPH)
Batting: RHB Junior Young 0-0: Ball
1-0: Ball
2-0: Called Strike
2-1: Fly out, F7 (Flyball, 7LS, EV 81.2 MPH)
Batting: RHB Adam Smith 0-0: Ball
1-0: Ground out 5-3 (Groundball, 56, EV 84.4 MPH)
Bottom of the 7th over - 0 runs, 1 hit, 0 errors, 1 left on base; Echo Park 1 - Pittsburgh 3
TOP OF THE 8TH
Echo Park Lakers batting - Pitching for Pittsburgh Kingfishers : RHP Jason Starkey
Batting: LHB Abraham Koen 0-0: Ball
1-0: Ball
2-0: Ball
3-0: Called Strike
3-1: Base on Balls
Pitching: RHP Roy Lowe
Batting: LHB Ramón Torres 0-0: Foul Ball, location: 2F
0-1: Ball
1-1: Foul Ball, location: 2F
1-2: Ball
2-2: Ball
3-2: Foul Ball, location: 2F
3-2: Base on Balls
Abraham Koen to second
Batting: LHB Joe Schreibvogel 0-0: Ball
1-0: Ball
2-0: Called Strike
2-1: Swinging Strike
2-2: Strikes out swinging
Batting: LHB Philip Todd 0-0: Called Strike
0-1: Ball
1-1: Swinging Strike
Passed Ball!
Abraham Koen to third
Ramón Torres to second
1-2: Ball
2-2: Ball
3-2: Foul Ball, location: 2F
3-2: Base on Balls
Batting: RHB Komotay Koffie 0-0: SINGLE (Groundball, 6, EV 103.1 MPH) (infield hit)
Abraham Koen scores
Ramón Torres to third
Philip Todd to second
Pitching: RHP Wes Gilmore
Batting: LHB José Vera 0-0: Called Strike
0-1: Ball
1-1: Foul Ball, location: 2F
1-2: Ball
2-2: Foul Ball, location: 2F
2-2: Fly out, F8 (Flyball, 8RS, EV 83.8 MPH)
Runner from 3rd tags up, OUT at HOME! 8-2
Top of the 8th over - 1 run, 1 hit, 0 errors, 2 left on base; Echo Park 2 - Pittsburgh 3
BOTTOM OF THE 8TH
Pittsburgh Kingfishers batting - Pitching for Echo Park Lakers : RHP Craig Wash
Batting: RHB Krystof Melichar 0-0: Called Strike
0-1: SINGLE (Line Drive, 56D, EV 98.1 MPH)
Batting: RHB Phil McCroskey 0-0: Called Strike
0-1: Swinging Strike
0-2: Ball
1-2: Ball
2-2: Grounds into double play, 2-4-3 (Groundball, 2L, EV 69.4 MPH)
Batting: RHB Kjartan Einarsson 0-0: Ball
1-0: SINGLE (Groundball, 4D, EV 96.2 MPH)
Batting: LHB Royce Foster 0-0: Called Strike
0-1: Swinging Strike
0-2: Ball
1-2: Ball
Kjartan Einarsson steals 2nd base
2-2: Ball
3-2: Strikes out swinging
Bottom of the 8th over - 0 runs, 2 hits, 0 errors, 1 left on base; Echo Park 2 - Pittsburgh 3
TOP OF THE 9TH
Echo Park Lakers batting - Pitching for Pittsburgh Kingfishers : RHP Wes Gilmore
Batting: RHB Phil Gillespie 0-0: Swinging Strike
0-1: Foul Ball, location: 2F
0-2: Foul Ball, location: 2F
0-2: Ball
1-2: Ball
2-2: Ball
3-2: Foul Ball, location: 2F
3-2: Strikes out looking
Batting: LHB Ben Bullock 0-0: Swinging Strike
0-1: Foul Ball, location: 2F
0-2: Strikes out swinging
Pinch Hitting: RHB Chip Mullaney 0-0: Ball
1-0: Ball
2-0: Ball
3-0: Called Strike
3-1: Fly out, F3 (Popup, 3SF, EV 78.1 MPH)
Top of the 9th over - 0 runs, 0 hits, 0 errors, 0 left on base; Echo Park 2 - Pittsburgh 3
Tuesday, January 5th, 2021 - OOTP Baseball 20.8 Build 74